 Dungeon Crawl Stone Soup version 0.28-a0-503-g83f2989fac (webtiles) character file.

Game seed: 733905835727525199

357 Umoon the Skirmisher (level 6, -3/72 HPs)
             Began as a Demonspawn Fighter on Sept 21, 2021.
             Slain by Duvessa (7 damage)
             ... on level 3 of the Dungeon.
             The game lasted 00:06:58 (3832 turns).

Umoon the Skirmisher (Demonspawn Fighter)           Turns: 3832, Time: 00:06:59

Health: -3/72      AC: 13    Str: 17    XL:     6   Next: 36%
Magic:  6/6        EV:  5    Int: 10    God:
Gold:   97         SH:  5    Dex: 13    Spells: 5/5 levels left

rFire   . . .      SeeInvis .     - Unarmed
rCold   . . .      Faith    .   b - +0 buckler
rNeg    . . .      Spirit   .   c - +2 plate armour {Will+}
rPois   .          Reflect  .   (no helmet)
rElec   .          Harm     .   (no cloak)
rCorr   .          Rampage  .   (no gloves)
Will    +....                   (no boots)
Stlth   ..........              (no amulet)
HPRegen 0.22/turn               (no ring)
MPRegen 0.10/turn               (no ring)

@: berserking, very quick
A: claws 2, spiny 1
a: no special abilities


You were on level 3 of the Dungeon.
You visited 1 branch of the dungeon, and saw 4 of its levels.

You collected 97 gold pieces.

Inventory:

Hand Weapons
 d - a +0 dagger
Armour
 a - a +0 scale mail
 b - a +0 buckler (worn)
 c - a +2 plate armour of willpower (worn)
Scrolls
 g - a scroll of blinking
 h - a scroll of fog
 i - 5 scrolls of teleportation
 k - a scroll of immolation
 m - a scroll of noise
Potions
 j - 2 potions of flight


   Skills:
 + Level 4.3 Fighting
 + Level 3.8 Armour
 + Level 3.9 Shields
 * Level 3.8 Unarmed Combat


You had 5 spell levels left.
You didn't know any spells.
Your spell library was empty.

Dungeon Overview and Level Annotations

Branches:
Dungeon (4/15)
 Temple: D:4-7

Altars:

Annotations:
D:3 Duvessa


Innate Abilities, Weirdness & Mutations

You have very sharp fingernails.
You are partially covered in sharp spines.


Message History

Duvessa hits you with a +0 short sword! Dowan barely misses you.
You scratch Duvessa but do no damage.
Duvessa is moderately wounded.
Duvessa barely misses you. Dowan barely misses you.
You scratch Duvessa but do no damage.
Duvessa is moderately wounded.
You block Duvessa's attack.
Dowan smirks and points a slender finger.
Dowan is struck by your spines. Dowan hits you but does no damage.
Duvessa is struck by your spines. Duvessa closely misses you.
Dowan hits you but does no damage.
You climb upwards.
There is a stone staircase leading down, spattered with blood here.
Unknown command.
You miss Dowan.
Dowan is severely wounded.
Duvessa is struck by your spines. Duvessa hits you with a +0 short sword.
Dowan hits you with a +0 dagger.
Unknown command.
You claw Dowan!
Dowan is almost dead.
Duvessa hits you with a +0 short sword!
* * * LOW HITPOINT WARNING * * *
Dowan is struck by your spines.
You kill Dowan!
Duvessa screams in rage.
Duvessa goes berserk!
A red film seems to cover your vision as you go berserk!
You feel yourself moving faster!
You feel mighty! Duvessa hits you with a +0 short sword!
* * * LOW HITPOINT WARNING * * *
Duvessa is struck by your spines. Duvessa hits you with a +0 short sword.
* * * LOW HITPOINT WARNING * * *
Unknown command.
You barely miss Duvessa.
Duvessa is heavily wounded.
You claw Duvessa!
Duvessa is severely wounded.
Duvessa is struck by your spines. Duvessa hits you with a +0 short sword!
You die...

#....#
#.....# ##
#....#
###...# .#
######
#...# .#
#...#######
.#
##........#
.###
#..#####.#
..<# ##..#
#.# ####
#e.# #.#
##@# #.#
#)# #.# #.#
#.# #.# #.#
#.####.#
#......#
########


You could see Duvessa (berserk).

Vanquished Creatures
  Grinder (D:3)
  Dowan (D:3)
  5 adders
  A worm (D:3)
  2 dart slugs
  7 bats
  5 endoplasms
  5 giant cockroaches
  8 goblins
  A hobgoblin (D:3)
  5 jackals
  2 kobolds (D:3)
  6 quokkas
  7 ball pythons
  7 frilled lizards
  5 rats
68 creatures vanquished.

Notes
Turn   | Place    | Note
-------+----------+-------------------------------------------
     0 | D:1      | Umoon the Demonspawn Fighter began the quest for the Orb.
     0 | D:1      | Reached XP level 1. HP: 18/18 MP: 1/1
   200 | D:1      | Gained mutation: You have sharp fingernails. [demonic
                  | ancestry]
   200 | D:1      | Reached XP level 2. HP: 23/24 MP: 2/2
   337 | D:1      | Found a faded altar of an unknown god.
  1241 | D:2      | Reached XP level 3. HP: 21/29 MP: 3/3
  1727 | D:2      | Gained mutation: You have very sharp fingernails. [demonic
                  | ancestry]
  1727 | D:2      | Reached XP level 4. HP: 35/35 MP: 4/4
  1846 | D:2      | Noticed a phantom
  3428 | D:4      | Noticed Dowan
  3428 | D:4      | Noticed Grinder
  3500 | D:4      | Noticed Duvessa
  3508 | D:3      | Paralysed by Grinder for 6 turns
  3519 | D:3      | Killed Grinder
  3520 | D:3      | Reached skill level 4 in Fighting
  3520 | D:3      | Gained mutation: You are partially covered in sharp spines.
                  | [demonic ancestry]
  3520 | D:3      | Reached XP level 5. HP: 3/42 MP: 5/5
  3520 | D:3      | Reached XP level 6. HP: 4/48 MP: 6/6
  3794 | D:3      | Identified a scroll of acquirement
  3801 | D:3      | Acquired a +2 plate armour of willpower
  3829 | D:3      | Killed Dowan
  3830 | D:3      | HP: 3/72 [Duvessa (6)]
  3832 | D:3      | Slain by Duvessa

Illustrated notes

Levels and vault maps discovered:
D:1:      erik_arrival_cave_to_civilisation [erik_arrival_cave_to_hall],
          layout_basic, basic_ecumenical_altar
D:2:      minmay_alternating_diamond, layout_basic, minmay_cut_off
D:3:      layout_basic, kennysheep_path_1
D:4:      layout_rooms, nicolae_dithmenos_the_darkroom,
          minmay_temple_entry_proselytizer, uniq_duvessa, uniq_menkaure,
          uniq_grinder

Skill      XL: |  1  2  3  4 |
---------------+-------------+-----
Unarmed Combat | 2 3 |  3.8
Armour         | 3 |  3.8
Shields        | 3 |  3.9
Fighting       | 4 |  4.3

Action                   |  1- 3 |  4- 6 || total
-------------------------+-------+-------++-------
Melee: Dagger            |    13 |       ||    13
       Unarmed           |    66 |   113 ||   179
  Use: Potion            |       |     2 ||     2
       Scroll            |       |     9 ||     9
Armor: Scale mail        |    27 |    49 ||    76
       Plate armour      |       |     9 ||     9
Dodge: Dodged            |    31 |    47 ||    78
Block: Buckler           |    15 |    25 ||    40

Table legend: (Time is in decaauts)
 A = Elapsed time spent in this place.
 B = Non-inter-level travel time spent in this place.
 C = Inter-level travel time spent in this place.
 D = Time resting spent in this place.
 E = Time spent auto-exploring this place.
 F = Levels seen in this place.
 G = Mean time per level.
                   A        B        C        D        E       F      G
               +--------+--------+--------+--------+--------+-----+--------+
         Total |   3834 |   3508 |    326 |    486 |   2352 |   4 |  958.5 |
       Dungeon |   3834 |   3508 |    326 |    486 |   2352 |   4 |  958.5 |
               +--------+--------+--------+--------+--------+-----+--------+

Top non-repeatable levels by time:
     D:2: 1425 daAuts
     D:3: 1254 daAuts
     D:1: 1137 daAuts
     D:4: 18 daAuts
